Map: Deathaura LE

Players

SKillous

  • Race: Protoss Protoss
  • League: Master
  • Spawn Location: 11:00

DPGZest (Zest) - Winner!

  • Race: Protoss Protoss
  • Spawn Location: 5:00

Event: StayAtHome Story Cup #3

VOD

Have the link to the VOD?

Description

Time

  • Played on: March 12, 2021, 7:19 a.m.
  • Length: 12:22

All games in this series

Show
View Real Time Build Order
Export as new Build Order

SKillous Protoss 

Build Orders:  

Get SALT Encoding   

  12  0:00  Probe  
  13  0:12  Probe  
  14  0:17  Pylon  
  14  0:25  Probe  
  15  0:35  Gateway  
  15  0:39  Probe (Chrono Boost)  
  16  0:44  Assimilator  
  16  0:48  Probe (Chrono Boost)  
  17  0:54  Probe (Chrono Boost)  
  18  1:05  Assimilator  
  18  1:06  Probe (Chrono Boost)  
  19  1:15  Probe (Chrono Boost)  
  20  1:20  Gateway  
  20  1:24  Probe  
  21  1:31  Cybernetics Core  
  21  1:36  Probe  
  22  1:43  Pylon  
  22  1:48  Probe  
  23  2:01  Probe  
  23  2:07  Stalker  
  23  2:08  Stalker  
  28  2:10  Warp Gate  
  28  2:22  Pylon  
  28  2:29  Pylon  
  28  2:37  Stalker  
  28  2:43  Stalker  
  32  3:01  Nexus  
  33  3:05  Probe  
  33  3:08  Sentry  
  35  3:14  Sentry  
  35  3:17  Probe  
  38  3:23  Pylon  
  38  3:29  Probe  
  38  3:34  Twilight Council  
  38  3:42  Probe (Chrono Boost)  
  39  3:52  Probe (Chrono Boost)  
  40  3:57  Probe (Chrono Boost)  
  39  4:07  Forge  
  39  4:08  Probe (Chrono Boost)  
  40  4:13  Blink  
  40  4:15  Probe (Chrono Boost)  
  42  4:18  Probe (Chrono Boost)  
  42  4:23  Probe (Chrono Boost)  
  43  4:25  Probe (Chrono Boost)  
  43  4:26  Robotics Facility  
  45  4:33  Probe (Chrono Boost)  
  45  4:34  Probe (Chrono Boost)  
  45  4:37  Protoss Ground Weapons Level 1 (Chrono Boost)  
  46  4:39  Probe (Chrono Boost)  
  46  4:41  Probe (Chrono Boost)  
  48  4:48  Probe  
  48  4:51  Assimilator  
  48  4:52  Probe  
  50  5:00  Probe  
  50  5:04  Probe  
  52  5:11  Nexus  
  52  5:13  Probe, Pylon  
  54  5:14  Observer  
  54  5:16  Probe, Stalker  
  54  5:18  Stalker  
  59  5:25  Probe  
  61  5:28  Probe  
  61  5:33  Gateway x2  
  61  5:37  Probe  
  61  5:40  Probe  
  61  5:42  Immortal  
  67  5:44  Pylon  
  67  5:49  Probe  
  68  5:51  Shield Battery  
  68  5:52  Probe  
  69  6:03  Gateway x2  
  69  6:04  Probe  
  69  6:05  Probe  
  71  6:12  Stalker  
  71  6:14  Resonating Glaives  
  71  6:17  Probe  
  74  6:18  Stalker  
  74  6:22  Probe  
  74  6:24  Observer, Probe  
  79  6:29  Probe  
  79  6:31  Stalker  
  79  6:32  Stalker  
  84  6:35  Probe  
  84  6:36  Probe  
  82  6:41  Probe  
  82  6:44  Protoss Ground Weapons Level 2 (Chrono Boost)  
  82  6:45  Observer, Stalker x2  
  88  6:47  Probe, Immortal  
  88  6:49  Observer  
  92  6:56  Probe  
  92  6:59  Probe  
  92  7:00  Pylon  
  93  7:02  Pylon  
  93  7:05  Assimilator  
  93  7:06  Pylon  
  91  7:20  Probe  
  92  7:24  Stalker x6  
  92  7:27  Pylon  
  92  7:28  Pylon  
  104  7:32  Assimilator  
  104  7:33  Probe x3  
  104  7:34  Assimilator  
  104  7:37  Pylon  
  107  7:44  Observer  
  108  7:46  Nexus  
  108  7:49  Probe x2  
  108  7:50  Robotics Bay  
  108  7:51  Probe  
  111  8:01  Probe x2  
  111  8:03  Robotics Facility  
  111  8:04  Stalker x2  
  117  8:06  Stalker  
  117  8:12  Photon Cannon  
  120  8:13  Shield Battery  
  120  8:15  Observer  
  120  8:19  Pylon  
  121  8:23  Adept x3  
  125  8:27  Shield Battery  
  125  8:28  Shield Battery x2  
  125  8:32  Assimilator  
  125  8:38  Disruptor (Chrono Boost)  
  128  8:41  Photon Cannon  
  128  8:42  Pylon  
  128  8:43  Adept x2  
  128  8:44  Adept  
  137  8:52  Disruptor (Chrono Boost), Shield Battery  
  140  8:58  Adept x2  
  140  9:00  Adept  
  143  9:06  Disruptor (Chrono Boost)  
  141  9:19  Disruptor, Stalker  
  141  9:20  Adept  
  141  9:21  Adept  
  115  9:31  Adept x2  
  115  9:32  Adept  
  111  9:38  Disruptor (Chrono Boost)  
  111  9:42  Nexus  
  105  9:47  Probe x2  
  108  10:00  Disruptor (Chrono Boost)  
  108  10:06  Probe  
  105  10:09  Adept x6  
  105  10:12  Probe, Photon Cannon  
  122  10:14  Probe  
  122  10:15  Disruptor (Chrono Boost)  
  122  10:18  Probe  
  122  10:21  Photon Cannon  
  123  10:24  Disruptor (Chrono Boost)  
  126  10:29  Disruptor  
  126  10:34  Stalker x3  
  126  10:35  Stalker  
  132  10:39  Stalker  
  137  10:43  Stalker  
  137  10:46  Photon Cannon  
  139  10:59  Probe x2  
  139  11:00  Probe  
  139  11:01  Probe  
  139  11:02  Adept x4  
  139  11:03  Adept  
  136  11:18  Stalker  
  120  11:24  Stalker x5  
  113  11:27  Probe x3  
  113  11:28  Probe  
  109  11:39  Probe  
  108  11:41  Stalker  
  97  11:49  Stalker x4  
  97  11:50  Stalker  
  101  12:00  Probe (Chrono Boost)  
  92  12:02  Probe (Chrono Boost)  
  92  12:03  Probe (Chrono Boost)  
  92  12:05  Probe (Chrono Boost)  
  78  12:09  Stalker  
  78  12:12  Probe x2 (Chrono Boost)  
  78  12:13  Probe (Chrono Boost)  
Show
View Real Time Build Order
Export as new Build Order

DPGZest Protoss - Winner!

Build Orders: Blink Stalkers 

Get SALT Encoding   

  12  0:00  Probe  
  13  0:12  Probe  
  14  0:17  Pylon  
  14  0:24  Probe (Chrono Boost)  
  16  0:36  Probe (Chrono Boost)  
  16  0:37  Gateway  
  16  0:43  Probe (Chrono Boost)  
  16  0:46  Assimilator  
  17  0:51  Probe  
  18  0:58  Pylon  
  18  1:03  Probe (Chrono Boost)  
  19  1:05  Assimilator  
  19  1:13  Probe (Chrono Boost)  
  19  1:15  Gateway  
  19  1:18  Probe (Chrono Boost)  
  21  1:26  Cybernetics Core  
  21  1:30  Probe  
  22  1:37  Pylon  
  22  1:42  Probe  
  23  1:55  Probe  
  24  2:02  Stalker x2  
  24  2:03  Warp Gate  
  28  2:12  Pylon  
  28  2:23  Pylon  
  28  2:33  Sentry  
  30  2:39  Sentry  
  31  2:48  Nexus  
  31  2:49  Probe (Chrono Boost)  
  32  2:55  Shield Battery  
  33  2:59  Probe (Chrono Boost)  
  33  3:04  Probe (Chrono Boost)  
  33  3:11  Twilight Council  
  34  3:16  Probe (Chrono Boost)  
  35  3:21  Pylon  
  35  3:24  Probe (Chrono Boost)  
  36  3:31  Probe  
  37  3:43  Probe  
  38  3:49  Blink  
  38  3:54  Stalker  
  38  3:55  Stalker  
  41  3:58  Probe  
  41  3:59  Probe (Chrono Boost)  
  43  4:12  Probe x2 (Chrono Boost)  
  43  4:15  Forge  
  45  4:17  Phoenix  
  45  4:22  Probe x2 (Chrono Boost)  
  47  4:27  Probe (Chrono Boost)  
  47  4:28  Probe (Chrono Boost)  
  47  4:29  Sentry  
  51  4:34  Pylon  
  51  4:36  Probe  
  52  4:38  Probe  
  52  4:40  Assimilator  
  52  4:41  Protoss Ground Weapons Level 1 (Chrono Boost)  
  53  4:47  Phoenix  
  53  4:48  Probe  
  53  4:50  Probe  
  53  4:51  Robotics Facility  
  55  5:00  Probe  
  55  5:02  Gateway  
  55  5:03  Probe, Gateway  
  57  5:12  Probe  
  58  5:15  Nexus  
  58  5:24  Stalker x2  
  58  5:28  Pylon  
  62  5:30  Probe x2  
  64  5:39  Observer  
  64  5:42  Probe x2  
  67  5:54  Probe x2, Stalker x2  
  67  5:55  Stalker  
  75  5:57  Stalker  
  75  6:00  Pylon  
  75  6:03  Observer  
  78  6:08  Pylon  
  78  6:18  Probe x2, Adept  
  80  6:19  Adept  
  80  6:20  Stalker  
  86  6:28  Probe, Charge  
  86  6:30  Probe x2  
  89  6:37  Protoss Ground Weapons Level 2 (Chrono Boost)  
  87  6:40  Probe  
  87  6:41  Observer  
  87  6:42  Probe  
  87  6:43  Probe  
  90  6:50  Gateway  
  90  6:52  Probe  
  90  6:54  Gateway  
  91  6:56  Gateway  
  91  6:58  Gateway  
  87  7:04  Stalker x4  
  95  7:11  Observer  
  93  7:21  Immortal (Chrono Boost)  
  93  7:22  Nexus  
  97  7:24  Nexus  
  97  7:26  Pylon  
  97  7:30  Templar Archives  
  97  7:45  Gateway x2  
  97  7:56  Warp Prism (Chrono Boost)  
  99  7:58  Zealot x2  
  99  7:59  Pylon, Zealot x6  
  99  8:04  Pylon  
  115  8:06  Gateway  
  115  8:08  Gateway  
  115  8:20  High Templar  
  115  8:21  High Templar, Zealot x3  
  115  8:22  Zealot x2  
  115  8:24  Photon Cannon  
  115  8:25  Zealot  
  115  8:26  Archon  
  131  8:28  Pylon  
  131  8:29  Pylon  
  131  8:30  Pylon  
  131  8:34  Protoss Ground Armor Level 1 (Chrono Boost)  
  131  8:44  Zealot x7  
  145  8:49  Zealot  
  147  9:09  Zealot x6  
  159  9:10  Zealot x5  
  121  9:31  Zealot x3  
  101  9:32  Zealot x11  
  101  9:36  Warp Prism (Chrono Boost)  
  105  9:45  Observer  
  94  9:54  Stalker x3  
  94  9:55  Stalker x4  
  108  10:09  Stalker x2  
  108  10:10  Stalker x3  
  108  10:12  Observer (Chrono Boost)  
  119  10:25  Warp Prism (Chrono Boost)  
  121  10:38  Zealot x8  
  121  10:39  Zealot x2  
  141  10:48  Probe  
  141  10:49  Probe x3  
  145  11:02  Zealot x8  
  145  11:03  Zealot x2  
  161  11:10  Zealot  
  109  11:19  Zealot  
  103  11:31  Stalker x10  
  109  11:38  Zealot  
  103  11:48  Zealot  
  101  11:57  Zealot  
  101  11:58  Zealot x5  
  101  12:00  Stalker  
  101  12:01  Zealot x3, Stalker x7  
Tags
 
Add a new tag
Caveats
  • Supply blocks, unpowered buildings, or Contaminate may cause inaccurate times.
  • Supply counts are checked every 10 seconds.